 Dungeon Crawl Stone Soup version 0.30-a0-457-g4b7bca3bfa (webtiles) character file.

Game seed: 16436301123218961935

1579 kiwi3s the Cleaver (level 8, 0/96 HPs)
             Began as a Minotaur Berserker on Dec 12, 2022.
             Was a Priest of Trog.
             Slain by Prince Ribbit (4 damage)
             ... on level 7 of the Dungeon.
             The game lasted 00:05:49 (6064 turns).

kiwi3s the Cleaver (Minotaur Berserker)             Turns: 6064, Time: 00:05:49

Health: 0/96       AC:  3    Str: 25    XL:     8   Next: 60%
Magic:  7/7        EV: 12    Int:  4    God:    Trog [***...]
Gold:   366        SH:  0    Dex:  9    Spells: 7/7 levels left

rFire   . . .      SeeInvis .    a - +0 hand axe
rCold   . . .      Faith    .    (no shield)
rNeg    . . .      Spirit   .    b - +0 animal skin
rPois   .          Reflect  .    (helmet restricted)
rElec   .          Harm     .    D - scarf {repulsion}
rCorr   .          Rampage  .    p - +0 pair of gloves
Will    .....                    (no boots)
Stlth   ..........               (no amulet)
HPRegen 0.36/turn                (no ring)
MPRegen 0.10/turn                (no ring)

@: berserking, repel missiles, very quick
A: horns 2, retaliatory headbutt
a: Renounce Religion, Berserk, Trog's Hand


You were on level 7 of the Dungeon.
You worshipped Trog.
Trog was most pleased with you.
You visited 1 branch of the dungeon, and saw 9 of its levels.

You collected 366 gold pieces.

Inventory:

Hand Weapons
 a - a +0 hand axe (weapon)
 E - a +3 mace
Missiles
 y - 5 silver boomerangs (quivered)
Armour
 b - a +0 animal skin (worn)
 p - a +0 pair of gloves (worn)
 t - a +0 cloak
 D - a scarf of repulsion (worn)
Jewellery
 j - a ring of poison resistance
 m - a ring of protection from cold
 x - a ring of positive energy
Wands
 B - a wand of paralysis (7)
Scrolls
 d - 3 scrolls of vulnerability {unknown}
 e - a scroll of enchant weapon {unknown}
 f - a scroll of acquirement {unknown}
 g - 7 scrolls of teleportation {unknown}
 h - 4 scrolls of identify {unknown}
 n - 3 scrolls of noise {unknown}
 o - 4 scrolls of poison {unknown}
 q - 2 scrolls of immolation {unknown}
 s - a scroll of magic mapping {unknown}
 u - 3 scrolls of fog {unknown}
 A - a scroll of amnesia {unknown}
 C - a scroll of brand weapon {unknown}
Potions
 c - 7 potions of curing {unknown}
 i - 4 potions of heal wounds {unknown}
 k - 3 potions of lignification {unknown}
 l - 4 potions of berserk rage {unknown}
 r - a potion of attraction {unknown}
 v - 2 potions of brilliance {unknown}
 w - 2 potions of mutation {unknown}
 z - a potion of ambrosia {unknown}
 G - a potion of invisibility {unknown}


   Skills:
 - Level 3.6 Fighting
 + Level 13.3 Axes
 - Level 2.4 Armour
 - Level 2.1 Dodging


You had 7 spell levels left.
You didn't know any spells.
Your spell library was empty.

Dungeon Overview and Level Annotations

Branches:
Dungeon (9/15)             Temple (0/1) D:5
   Lair: D:8-11         Orc: D:9-12

Altars:
Ashenzari
Cheibriados
Fedhas
Hepliaklqana
Qazlal
Sif Muna
Xom
Zin
The Shining One

Annotations:
D:7 Prince Ribbit


Innate Abilities, Weirdness & Mutations

You have a pair of horns on your head.
You reflexively headbutt those who attack you in melee.


Message History

Prince Ribbit blinks!
Unknown command.
Unknown command.
Throw: throwing net
Press: ? - help, Q - select action, (/) - cycle Shift-Dir - straight line, f - Prince Ribbit
Aim: Prince Ribbit (moderately wounded, 28% to hit)
You throw a throwing net. The throwing net misses Prince Ribbit.
You barely miss Prince Ribbit.
Prince Ribbit is moderately wounded.
Prince Ribbit hits you.
You hit Prince Ribbit.
Prince Ribbit is heavily wounded.
Prince Ribbit hits you but does no damage.
Throw: 5 boomerangs (silver)
Press: ? - help, Q - select action, (/) - cycle Shift-Dir - straight line, f/p - Prince Ribbit
Aim: Prince Ribbit (heavily wounded, 28% to hit)
You throw a silver boomerang.
The silver boomerang barely misses Prince Ribbit.
Prince Ribbit hits you.
You are too injured to fight recklessly!
Unknown command.
You are too injured to fight recklessly!
You are too injured to fight recklessly!
Unknown command.
You closely miss Prince Ribbit. Your headbutt misses Prince Ribbit.
Prince Ribbit is heavily wounded.
Prince Ribbit hits you!
Unknown command.
You miss Prince Ribbit.
Prince Ribbit is heavily wounded.
Prince Ribbit hits you.
* * * LOW HITPOINT WARNING * * *
Prince Ribbit hits you!
* * * LOW HITPOINT WARNING * * *
You see here 17 gold pieces.
Okay, then.
Okay, then.
A red film seems to cover your vision as you go berserk!
You feel yourself moving faster!
You feel mighty! Prince Ribbit hits you.
You die...

#.........# ... #
#########.# ...
#.# +# #...
####.#### .#
##.## #.......#
.#
#.##.##.####.####
#
#.##.........###
#..............#
####...@F......(
#.#.......#.#
...#.......#
#####.....###
##.#### #.. ###


You could see Prince Ribbit.

Vanquished Creatures
  Menkaure (D:7)
  An ice beast (D:5)
  3 sky beasts
  A black bear (D:5)
  A necrophage (D:5)
  A bullfrog (D:7)
  3 scorpions
  5 wights (D:6)
  An orc priest (D:6)
  A jelly (D:4)
  A gnoll bouda (D:6)
  Jessica (D:3)
  Natasha (twice) (D:3)
  2 iguanas
  7 adders
  8 gnolls
  An ufetubus (D:7)
  2 worms
  A dart slug (D:3)
  4 orcs (D:6)
  8 ball pythons
  10 endoplasms
  2 giant cockroaches
  10 goblins
  2 hobgoblins
  4 jackals (D:3)
  6 quokkas
  2 bats
  2 frilled lizards (D:1)
  4 kobolds
  9 rats
106 creatures vanquished.

Notes
Turn   | Place    | Note
-------+----------+-------------------------------------------
     0 | D:1      | kiwi3s the Minotaur Berserker began the quest for the Orb.
     0 | D:1      | Reached XP level 1. HP: 19/19 MP: 0/0
   121 | D:1      | Reached skill level 4 in Axes
   236 | D:1      | Reached XP level 2. HP: 26/26 MP: 1/1
   871 | D:2      | Reached skill level 5 in Axes
   932 | D:2      | Reached XP level 3. HP: 31/31 MP: 2/2
   961 | D:2      | Reached ** piety under Trog
  1849 | D:3      | Reached skill level 6 in Axes
  1849 | D:3      | Reached XP level 4. HP: 39/39 MP: 3/3
  1961 | D:3      | Found a glowing golden altar of the Shining One.
  2091 | D:3      | Noticed Jessica
  2096 | D:3      | Killed Jessica
  2360 | D:3      | Found a snail-covered altar of Cheibriados.
  2385 | D:3      | Noticed Natasha
  2394 | D:3      | Killed Natasha
  2395 | D:3      | Reached XP level 5. HP: 28/45 MP: 4/4
  2502 | D:3      | Reached skill level 7 in Axes
  2600 | D:3      | Noticed Natasha
  2606 | D:3      | Killed Natasha
  2975 | D:4      | Reached skill level 8 in Axes
  2978 | D:4      | Reached XP level 6. HP: 47/51 MP: 5/5
  3025 | D:4      | Reached *** piety under Trog
  3525 | D:4      | Found a shimmering blue altar of Sif Muna.
  3525 | D:4      | Found a hazy altar of Hepliaklqana.
  3533 | D:4      | Found a blossoming altar of Fedhas.
  3535 | D:4      | Found a broken altar of Ashenzari.
  3537 | D:4      | Found a shimmering altar of Xom.
  3810 | D:5      | Entered Level 5 of the Dungeon
  3828 | D:5      | Noticed an ice beast
  3836 | D:5      | Killed an ice beast
  3895 | D:5      | Found a stormy altar of Qazlal.
  3909 | D:5      | Reached skill level 9 in Axes
  4008 | D:5      | Found a glowing silver altar of Zin.
  4016 | D:5      | Reached XP level 7. HP: 57/57 MP: 6/6
  4265 | D:5      | Found a staircase to the Ecumenical Temple.
  4277 | D:5      | Reached skill level 10 in Axes
  4711 | D:6      | Reached skill level 11 in Axes
  5220 | D:6      | Reached XP level 8. HP: 46/64 MP: 7/7
  5225 | D:6      | Reached skill level 12 in Axes
  5399 | D:6      | You fall into a shaft and drop 3 floors!
  5531 | D:7      | Noticed Menkaure
  5533 | D:7      | Killed Menkaure
  5574 | D:7      | Reached skill level 13 in Axes
  6043 | D:7      | Noticed Prince Ribbit
  6063 | D:7      | HP: 2/64 [Prince Ribbit (16)]
  6064 | D:7      | Slain by Prince Ribbit

Illustrated notes

Levels and vault maps discovered:
D:1:      kilobyte_arrival_exit_the_forest, layout_rooms
D:2:      layout_basic
D:3:      minmay_recursive_quarters, layout_basic, mainiacjoe_overflow_catwalk,
          slow_altar_1, uniq_natasha, uniq_jessica
D:4:      layout_basic, chequers_temple_overflow_minitemple,
          minmay_misc_feat_enclosed
D:5:      layout_basic, grunt_temple_overflow_open,
          minmay_temple_entry_large_hall
D:6:      layout_basic
D:7:      layout_loops_corners, feat_on_display, uniq_menkaure,
          uniq_prince_ribbit1
D:8:      layout_basic, mainiacjoe_overflow_alcove_2, minmay_lair_entry_grove,
          special_room [special_room_orc], minmay_misc_feat_hallway
D:9:      layout_stronghold, uniq_psyche

Skill      XL: |  1  2  3  4  5  6  7  8 |
---------------+-------------------------+-----
Axes           | 4 5 6 8 9 11 13 | 13.3
Fighting       | |  3.6
Armour         | |  2.4
Dodging        | |  2.1

Action                   |  1- 3 |  4- 6 |  7- 9 || total
-------------------------+-------+-------+-------++-------
Melee: Hand axe          |    83 |    78 |   138 ||   299
       Headbutt          |    16 |    14 |    19 ||    49
       Punch             |       |       |     1 ||     1
Throw: Throwing net      |       |       |     1 ||     1
       Boomerang         |       |       |     1 ||     1
Invok: Berserk           |       |     1 |     3 ||     4
 Stab: Sleeping          |     3 |       |       ||     3
Armor: Animal skin       |    10 |    22 |    14 ||    46
Dodge: Dodged            |    55 |    43 |    66 ||   164

Table legend: (Time is in decaauts)
 A = Elapsed time spent in this place.
 B = Non-inter-level travel time spent in this place.
 C = Inter-level travel time spent in this place.
 D = Time resting spent in this place.
 E = Time spent auto-exploring this place.
 F = Levels seen in this place.
 G = Mean time per level.
                   A        B        C        D        E       F      G
               +--------+--------+--------+--------+--------+-----+--------+
         Total |   6060 |   5806 |    254 |    800 |   4312 |   9 |  673.3 |
       Dungeon |   6060 |   5806 |    254 |    800 |   4312 |   9 |  673.3 |
               +--------+--------+--------+--------+--------+-----+--------+

Top non-repeatable levels by time:
     D:6: 1214 daAuts
     D:3: 1182 daAuts
     D:4: 915 daAuts
     D:1: 878 daAuts
     D:2: 841 daAuts
     D:5: 738 daAuts
     D:7: 186 daAuts
     D:8: 68 daAuts
     D:9: 34 daAuts
